 Dungeon Crawl Stone Soup version 0.18-a0-1354-gbc5753f (webtiles) character file.

17744 Ratboiler the Thaumaturge (level 12, -5/67 HPs)
             Began as a Deep Elf Wanderer on Feb 17, 2016.
             Was a High Priest of Vehumet.
             Slain by a white ugly thing (18 damage)
             ... on level 12 of the Dungeon on Feb 19, 2016.
             The game lasted 01:16:36 (18204 turns).

Ratboiler the Thaumaturge (Deep Elf Wanderer)      Turns: 18204, Time: 01:16:36

Health: -5/67      AC:  9    Str:  8    XL:     12   Next: 21%
Magic:  25/32      EV: 15    Int: 24    God:    Vehumet [*****.]
Gold:   102        SH:  5    Dex: 14    Spells: 11 memorised, 10 levels left

rFire  . . .     SeeInvis +     a - +3 dagger (venom)
rCold  . . .     Gourm    .     c - +0 robe
rNeg   . . .     Faith    .     s - +0 buckler
rPois  .         Spirit   .     M - +0 helmet
rElec  .         Dismiss  .     U - +2 cloak
rCorr  .         Reflect  .     E - +2 pair of gloves
SustAt .         Harm     .     (no boots)
MR     ++...                    J - amulet of rage
Stlth  ++........               F - ring of see invisible
                                A - ring of protection from magic

@: repel missiles, very resistant to hostile enchantments, unstealthy
A: no striking features
a: Renounce Religion, Evoke Berserk Rage


You were on level 12 of the Dungeon.
You worshipped Vehumet.
Vehumet was extremely pleased with you.
You were not hungry.

You visited 1 branch of the dungeon, and saw 12 of its levels.

You collected 618 gold pieces.
You spent 516 gold pieces at shops.

Inventory:

Hand Weapons
 a - a +3 dagger of venom (weapon)
 b - a +0 whip of electrocution
 R - a +1 war axe of flaming
 S - a cursed -3 great sword
Missiles
 o - 36 poisoned needles
Armour
 c - a +0 robe (worn)
 s - a +0 buckler (worn)
 D - a troll hide
 E - a +2 pair of gloves (worn)
 M - a +0 helmet (worn)
 U - a +2 cloak (worn)
Jewellery
 e - the ring "Hoyskost" {*Tele Str+2}
   (You took it off an orc on level 10 of the Dungeon)

   [ring of teleportation]

   It may teleport you next to monsters.
   It affects your strength (+2).
 k - an uncursed ring of flight
 A - a ring of protection from magic (left hand)
 F - a ring of see invisible (right hand)
 J - an amulet of rage (around neck)
 W - an uncursed ring of positive energy
Wands
 d - a wand of confusion (46/48)
 g - a wand of heal wounds (4/9)
 q - a wand of paralysis (10/24)
 Q - a wand of paralysis (11/24)
Scrolls
 h - a scroll of fog
 j - a scroll of blinking
 n - 2 scrolls of amnesia
 p - a scroll of immolation
 t - a scroll of remove curse
 u - a scroll of enchant weapon
 z - 3 scrolls of noise
 C - a scroll of identify
 H - a scroll of recharging
 I - 2 scrolls of teleportation
 K - 3 scrolls of enchant armour
 Z - 3 scrolls of magic mapping
Potions
 i - a potion of haste
 l - 3 potions of flight
 m - 7 potions of curing
 r - 3 potions of lignification
 v - a potion of agility
 w - 2 potions of heal wounds
 x - 3 potions of might
 L - a potion of invisibility
 O - 2 potions of brilliance
 P - a potion of ambrosia
Books
 y - a book of Minor Magic

   Spells                             Type                      Level
   a - Magic Dart                     Conjuration                  1
   b - Blink                          Translocation                2
   c - Call Imp                       Summoning                    2
   d - Repel Missiles                 Charms/Air                   2
   e - Slow                           Hexes                        2
   f - Conjure Flame                  Conjuration/Fire             3
   g - Mephitic Cloud                 Conjuration/Poison/Air       3
 G - a book of Unlife

   Spells                             Type                      Level
   a - Recall                         Summoning/Translocation      3
   b - Animate Dead                   Necromancy                   4
   c - Control Undead                 Necromancy                   4
   d - Cigotuvi's Embrace             Necromancy                   5
   e - Death Channel                  Necromancy                   6
   f - Simulacrum                     Ice/Necromancy               6
 T - a book of Air

   Spells                             Type                      Level
   a - Shock                          Conjuration/Air              1
   b - Swiftness                      Charms/Air                   2
   c - Repel Missiles                 Charms/Air                   2
   d - Static Discharge               Conjuration/Air              3
   e - Lightning Bolt                 Conjuration/Air              5
 V - a book of Dreams

   Spells                             Type                      Level
   a - Ensorcelled Hibernation        Hexes/Ice                    2
   b - Silence                        Hexes/Air                    5
   c - Darkness                       Hexes                        6
   d - Mass Confusion                 Hexes                        6
   e - Shadow Creatures               Summoning                    6
Comestibles
 f - 7 bread rations


   Skills:
 * Level 4.3 Fighting
 * Level 5.8 Dodging
 - Level 1.2 Stealth
 - Level 4.8 Shields
 - Level 14.0 Spellcasting
 + Level 13.3 Conjurations
 - Level 2.1 Summonings
 - Level 6.0 Air Magic
 - Level 3.1 Poison Magic
 - Level 2.1 Evocations


You had 10 spell levels left.
You knew the following spells:

 Your Spells              Type           Power        Failure   Level  Hunger
a - Magic Dart            Conj           ####         0%          1    None
b - Repel Missiles        Chrm/Air       ####..       1%          2    None
c - Mephitic Cloud        Conj/Pois/Air  ######..     1%          3    None
d - Lightning Bolt        Conj/Air       ######....   1%          5    ###....
e - Conjure Flame         Conj/Fire      #####...     1%          3    None
f - Shock                 Conj/Air       ####         1%          1    None
g - Static Discharge      Conj/Air       ######..     1%          3    None
h - Swiftness             Chrm/Air       ####....     1%          2    None
i - Call Imp              Summ           ####....     1%          2    None
j - Ignite Poison         Fire/Trmt/Pois ###.....     2%          3    None
k - Iskenderun's Mystic   Conj           ######..     1%          4    None


Dungeon Overview and Level Annotations

Branches:
Dungeon (12/15)            Temple (0/1) D:7            Lair (0/8) D:10
    Orc (0/2) D:9

Altars:
Cheibriados
Dithmenos
Gozag
Kikubaaqudgha
Nemelex Xobeh
Okawaru
Ru
Sif Muna
Vehumet

Shops:
D:6 *   D:7 %   D:10 ?

Annotations:
D:3 Armakuni's ghost, amateur MfWn
D:10 exclusion: downstairs


Message History

Confirm with . or Enter, or press ? or * to list all spells.
Aiming: Conjure Flame
Press: ? - help, Dir - move target cursor The fire roars!
The white ugly thing is engulfed in roaring flames.
You hit the white ugly thing.
The white ugly thing is moderately wounded.
The white ugly thing is engulfed in roaring flames.
The white ugly thing tentacle-slaps you!
The white ugly thing freezes you!!
* * * LOW HITPOINT WARNING * * *
The white ugly thing is engulfed in roaring flames.
You see here a dire flail. 2 vampire mosquitoes come into view.
A vampire mosquito comes into view.
The vampire mosquito moves out of view.
The white ugly thing tentacle-slaps you.
* * * LOW HITPOINT WARNING * * *
The white ugly thing freezes you!!
You die...

##.####..###.#.#####
#...#.######
.............†.............>.
########..##§#.#.###.#.#.#.#.#
#### ##.##§# #.# #.#.#.#.#.#
...#########§# #.## # #<#.# #
...#.......#.# y.. ###.#
...#.##.##.#.# #.# ..#
...#.#.#.#.#)###.#####.#
†..#..#.#..'...u@......#
.(.#.#.#.#.#####.#####..
...#.##.##.# #.# ...#.......#
#.# ...######### #.# #### #.#
.###.# ..##§# #.##.#


You could see a white ugly thing and a vampire mosquito (wandering).

Vanquished Creatures
  A tengu warrior (D:12)
  An unseen horror (D:9)
  Pikel (D:6)
  4 hill giants
  An ugly thing (D:11)
  A deep elf mage (D:11)
  A cyclops (D:12)
  Maurice (D:8)
  2 gargoyles
  A komodo dragon (D:12)
  2 trolls
  A two-headed ogre (D:11)
  2 slime creatures (D:12)
  A spriggan (D:12)
  Sigmund (D:3)
  A shadow (D:11)
  10 yaks
  6 wyverns
  Grum (D:8)
  A steam dragon (D:7)
  3 hippogriffs
  A hungry ghost (D:12)
  4 wolves (D:8)
  2 slaves (D:6)
  11 orc warriors
  2 black bears
  2 ice beasts
  An eye of draining (D:9)
  3 sky beasts
  A phantom (D:12)
  7 ogres
  2 crocodiles
  2 centaurs
  2 big kobolds
  13 giant frogs
  2 gnoll sergeants
  A wyvern zombie (D:11)
  A wyvern skeleton (D:6)
  4 scorpions
  7 killer bees
  8 wights (D:10)
  3 jellies
  A quasit (D:6)
  3 crimson imps (D:11)
  3 giant frog zombies
  2 centaur zombies
  2 gnoll shamans
  6 hounds
  11 orc wizards
  Crazy Yiuf (D:7)
  2 giant frog skeletons
  9 orc priests
  5 iguanas
  7 worker ants
  A killer bee zombie (D:7)
  4 sheep (D:12)
  A hound skeleton (D:4)
  3 hound zombies
  4 worker ant zombies
  29 gnolls
  8 adders
  An ooze (D:6)
  2 adder zombies (D:5)
  2 adder skeletons
  2 worms (D:2)
  4 giant geckos
  55 orcs
  A ball python (D:1)
  9 giant cockroaches
  10 goblins
  8 hobgoblins
  15 jackals
  13 kobolds
  6 quokkas
  8 bats
  A giant gecko skeleton (D:5)
  4 giant newts
  A jackal zombie (D:5)
  6 rats
372 creatures vanquished.

Vanquished Creatures (collateral kills)
  A phantom (D:8)
  A sky beast (D:7)
  2 slaves (D:6)
  2 killer bees
  2 giant frog zombies
  4 crimson imps
  A giant frog skeleton (D:5)
  A worker ant (D:5)
  A hound skeleton (D:6)
  2 adders (D:2)
  A gnoll (D:1)
  An adder zombie (D:7)
  A jackal (D:4)
  A quokka zombie (D:5)
21 creatures vanquished.

Vanquished Creatures (others)
  A plant (D:8)
1 creature vanquished.

Grand Total: 394 creatures vanquished

Notes
Turn   | Place    | Note
--------------------------------------------------------------
     0 | D:1      | Ratboiler the Deep Elf Wanderer began the quest for the Orb.
     0 | D:1      | Ratboiler set off with: a book of Minor Magic, 2 potions of curing, a +0 robe, a +0 dagger, a bread ration
     0 | D:1      | Reached XP level 1. HP: 12/12 MP: 6/6
     2 | D:1      | Learned a level 1 spell: Magic Dart
   281 | D:1      | Reached XP level 2. HP: 16/16 MP: 4/8
   285 | D:1      | Learned a level 2 spell: Repel Missiles
   288 | D:1      | Learned a level 2 spell: Call Imp
   649 | D:1      | Reached XP level 3. HP: 20/20 MP: 3/9
   654 | D:1      | Learned a level 3 spell: Mephitic Cloud
  1724 | D:2      | Reached XP level 4. HP: 25/25 MP: 6/11
  1727 | D:2      | Reached skill level 4 in Spellcasting
  1811 | D:2      | Learned a level 3 spell: Conjure Flame
  2352 | D:2      | Reached skill level 1 in Air Magic
  2655 | D:3      | Noticed Sigmund
  2666 | D:3      | Reached skill level 1 in Poison Magic
  2707 | D:3      | Noticed Armakuni's ghost (amateur MfWn)
  3471 | D:3      | Reached XP level 5. HP: 29/29 MP: 5/13
  3568 | D:3      | Killed Sigmund
  3568 | D:3      | Reached XP level 6. HP: 34/34 MP: 1/14
  3722 | D:2      | HP: 1/34 [poisoned by Armakuni's ghost]
  4532 | D:4      | Found an ancient bone altar of Kikubaaqudgha.
  4534 | D:4      | Found a deep blue altar of Sif Muna.
  4534 | D:4      | Found a radiant altar of Vehumet.
  4540 | D:4      | Identified Vehumet's Papyrus of Attacks
  4549 | D:4      | Identified Sif Muna's Grimoire of Moulding
  4557 | D:4      | Identified Kikubaaqudgha's Compendium of Stolen Souls
  4566 | D:4      | Became a worshipper of Vehumet
  4627 | D:4      | Reached skill level 5 in Conjurations
  5109 | D:5      | Entered Level 5 of the Dungeon
  5451 | D:5      | Reached * piety under Vehumet
  5451 | D:5      | Offered knowledge of Shock by Vehumet.
  5536 | D:5      | Learned a level 1 spell: Shock
  5569 | D:5      | Reached XP level 7. HP: 34/38 MP: 12/15
  6135 | D:5      | Reached skill level 6 in Conjurations
  6150 | D:5      | Learned a level 3 spell: Static Discharge
  6252 | D:5      | Reached skill level 5 in Spellcasting
  6436 | D:5      | Found a snail-covered altar of Cheibriados.
  6577 | D:5      | Found a sacrificial altar of Ru.
  7067 | D:6      | Noticed Pikel
  7134 | D:6      | Killed Pikel
  7134 | D:6      | Reached skill level 7 in Spellcasting
  7134 | D:6      | Reached XP level 8. HP: 29/43 MP: 1/21
  7255 | D:6      | Learned a level 2 spell: Swiftness
  7361 | D:6      | Reached ** piety under Vehumet
  7361 | D:6      | Offered knowledge of Sandblast by Vehumet.
  7378 | D:6      | Reached skill level 8 in Conjurations
  7666 | D:6      | Found a snail-covered altar of Cheibriados.
  7929 | D:6      | Learned a level 5 spell: Lightning Bolt
  8394 | D:6      | Reached XP level 9. HP: 47/47 MP: 10/23
  8568 | D:6      | Found Tioketof's Assorted Antiques.
  8573 | D:6      | Bought a scroll of identify for 66 gold pieces
  8573 | D:6      | Bought a dented cameo amulet for 165 gold pieces
  8573 | D:6      | Bought a scroll labeled XYTHRY WY ITH for 33 gold pieces
  8886 | D:7      | Reached skill level 5 in Air Magic
  8887 | D:7      | Reached skill level 9 in Spellcasting
  9261 | D:7      | Found Nierul's Food Shop.
  9367 | D:7      | Found a sparkling altar of Nemelex Xobeh.
  9432 | D:7      | Noticed Crazy Yiuf
  9440 | D:7      | Killed Crazy Yiuf
  9440 | D:7      | Offered knowledge of Ignite Poison by Vehumet.
  9521 | D:7      | Learned a level 3 spell: Ignite Poison
  9572 | D:7      | Noticed a troll
  9590 | D:7      | Killed a troll
  9688 | D:7      | Found a staircase to the Ecumenical Temple.
  9819 | D:7      | Found a shadowy altar of Dithmenos.
 10021 | D:8      | Reached skill level 10 in Spellcasting
 10338 | D:8      | Noticed Maurice
 10346 | D:8      | Killed Maurice
 10346 | D:8      | Reached *** piety under Vehumet
 10346 | D:8      | Reached skill level 10 in Conjurations
 10510 | D:8      | Noticed Grum
 10522 | D:8      | Reached skill level 11 in Spellcasting
 10522 | D:8      | Reached XP level 10. HP: 52/52 MP: 8/27
 10527 | D:8      | Killed Grum
 10659 | D:8      | Offered knowledge of Throw Icicle by Vehumet.
 11220 | D:8      | Upgraded the game from 0.18-a0-1347-gb9e2fb4 to 0.18-a0-1350-g404b4cb
 11242 | D:8      | Found an iron altar of Okawaru.
 11242 | D:8      | Found an opulent altar of Gozag.
 12248 | D:9      | Found a staircase to the Orcish Mines.
 12333 | D:9      | Reached **** piety under Vehumet
 12428 | D:9      | Reached skill level 12 in Spellcasting
 12481 | D:9      | Reached skill level 1 in Shields
 12599 | D:9      | Offered knowledge of Fulminant Prism by Vehumet.
 12993 | D:9      | Noticed an unseen horror
 12998 | D:9      | Killed an unseen horror
 13068 | D:10     | Entered Level 10 of the Dungeon
 13709 | D:10     | Found Navex's Magic Scroll Boutique.
 13717 | D:10     | Bought a scroll of remove curse for 42 gold pieces
 13717 | D:10     | Bought a scroll of identify for 28 gold pieces
 13717 | D:10     | Bought a scroll of teleportation for 42 gold pieces
 13717 | D:10     | Bought a scroll of teleportation for 42 gold pieces
 13717 | D:10     | Bought a scroll of magic mapping for 49 gold pieces
 13717 | D:10     | Bought a scroll of magic mapping for 49 gold pieces
 13786 | D:10     | Reached XP level 11. HP: 53/56 MP: 17/29
 14035 | D:10     | Got a faintly glowing marble ring
 14326 | D:10     | Found a staircase to the Lair.
 14555 | D:11     | Noticed a red ugly thing
 14971 | D:11     | Reached skill level 13 in Spellcasting
 15422 | D:11     | Noticed a hill giant
 15449 | D:11     | Killed a hill giant
 15609 | D:11     | Noticed a deep elf mage
 15614 | D:11     | Killed a deep elf mage
 15835 | D:11     | Noticed a hill giant
 15844 | D:11     | Killed a hill giant
 16378 | D:11     | Killed a red ugly thing
 16378 | D:11     | Reached skill level 14 in Spellcasting
 16492 | D:11     | Noticed a hill giant
 16497 | D:11     | Killed a hill giant
 16718 | D:11     | Found a radiant altar of Vehumet.
 16748 | D:11     | Identified the ring "Hoyskost" {*Tele Str+2} (You took it off an orc on level 10 of the Dungeon)
 16944 | D:12     | Noticed a hill giant
 16950 | D:12     | Killed a hill giant
 17164 | D:12     | Noticed a tengu warrior
 17168 | D:12     | Killed a tengu warrior
 17473 | D:12     | Reached XP level 12. HP: 41/64 MP: 9/32
 17676 | D:12     | Reached skill level 5 in Dodging
 17725 | D:12     | Reached ***** piety under Vehumet
 17735 | D:12     | Offered knowledge of Iskenderun's Mystic Blast by Vehumet.
 17742 | D:12     | Learned a level 4 spell: Iskenderun's Mystic Blast
 18020 | D:12     | Upgraded the game from 0.18-a0-1350-g404b4cb to 0.18-a0-1354-gbc5753f
 18204 | D:12     | Slain by a white ugly thing

Vault maps used:
D:1:      dpeg_arrival_prison, kennysheep_doodads
D:3:      first_bread, hangedman_decor_growths, kennysheep_another_room,
          mrwooster_statue_mirror, uniq_sigmund
D:4:      grunt_temple_overflow_magic_moments, minmay_crystal_room,
          hangedman_decor_points
D:5:      hangedman_ru_absence, cheibriados_altar_wand_db
D:6:      basic_altar, serial_shops, shop, uniq_pikel
D:7:      nemelex_deck, nicolae_overflow_crystal_walls,
          minmay_temple_entry_statues, serial_shops, shop,
          uniq_crazy_yiuf_cottage
D:8:      wad_woods_minihive, gammafunk_temple_overflow_statue, uniq_maurice,
          uniq_grum
D:9:      david_orc_2
D:10:     lair_0_dummy, serial_shops, kennysheep_little_box
D:11:     basic_altar
D:12:     the_bakery, kennysheep_generic_room_9

Action                   |  1- 3 |  4- 6 |  7- 9 | 10-12 || total
-------------------------+-------+-------+-------+-------++-------
Melee: Dagger            |    15 |    55 |   167 |    99 ||   336
 Cast: Magic Dart        |    87 |   109 |    71 |     7 ||   274
       Call Imp          |     7 |     9 |    48 |    12 ||    76
       Repel Missiles    |     1 |       |     1 |     1 ||     3
       Mephitic Cloud    |     1 |    19 |    67 |    71 ||   158
       Conjure Flame     |       |       |    12 |    25 ||    37
       Shock             |       |       |    41 |   140 ||   181
       Ignite Poison     |       |       |     8 |    37 ||    45
       Swiftness         |       |       |     1 |       ||     1
       Lightning Bolt    |       |       |       |   138 ||   138
       Static Discharge  |       |       |       |    11 ||    11
Evoke: Wand              |       |       |       |     1 ||     1
  Use: Scroll            |       |     6 |    11 |     6 ||    23
       Potion            |       |       |     3 |       ||     3
 Stab: Confused          |     1 |     6 |     8 |     4 ||    19
       Distracted        |       |       |     1 |       ||     1
  Eat: Chunk             |     2 |     7 |     2 |    20 ||    31
       Meat ration       |       |     1 |     2 |     2 ||     5
       Pizza             |       |     1 |       |     1 ||     2
       Fruit             |       |       |     3 |     2 ||     5
       Beef jerky        |       |       |     2 |     3 ||     5
       Bread ration      |       |       |       |     1 ||     1
